 Dungeon Crawl Stone Soup version 0.31-a0-133-gaae73658be (webtiles) character file.

Game seed: 13040020020836100500

1178 mopl the Chopper (level 8, -1/62 HPs)
             Began as a Demonspawn Fighter on June 2, 2023.
             Slain by Duvessa
             ... wielding a +0 rapier
              (9 damage)
             ... on level 6 of the Dungeon.
             The game lasted 00:04:42 (4414 turns).

mopl the Chopper (Demonspawn Fighter)               Turns: 4414, Time: 00:04:42

Health: -1/62      AC: 11    Str: 19    XL:     8   Next: 18%
Magic:  17/17      EV: 12    Int: 10    God:
Gold:   264        SH:  5    Dex: 18    Spells: 7/7 levels left

rFire   . . .        a - +0 war axe
rCold   . . .        c - +0 buckler
rNeg    . . .        s - +3 ring mail
rPois   .            l - +0 helmet
rElec   .            x - +0 cloak
rCorr   +            (no gloves)
SInv    .            (no boots)
Will    .....        y - amulet of magic regeneration
Stlth   ++           m - ring of resist corrosion
HPRegen 0.30/turn    b - ring of magical power
MPRegen 0.70/turn

%: no passive effects
@: lit by a corona, glowing
A: claws 1, thin skeletal structure 3, magic regeneration
a: no special abilities


You were on level 6 of the Dungeon.
You visited 1 branch of the dungeon, and saw 6 of its levels.

You collected 264 gold pieces.

Inventory:

Hand Weapons
 a - a +0 war axe (weapon)
Missiles
 v - 4 curare-tipped darts (quivered)
Armour
 c - a +0 buckler (worn)
 l - a +0 helmet (worn)
 s - a +3 ring mail (worn)
 u - a +0 tower shield
 x - a +0 cloak (worn)
Jewellery
 b - a ring of magical power (right claw)
 m - a ring of resist corrosion (left claw)
 y - an amulet of magic regeneration (around neck)
Scrolls
 f - 3 scrolls of magic mapping {unknown}
 h - 2 scrolls of immolation {unknown}
 j - a scroll of noise {unknown}
 n - a scroll of silence {unknown}
 o - a scroll of torment {unknown}
 r - 4 scrolls of fear {unknown}
 t - a scroll of poison {unknown}
 w - a scroll of butterflies {unknown}
 z - 3 scrolls of identify {unknown}
 B - a scroll of teleportation {unknown}
 D - 2 scrolls of enchant weapon {unknown}
 E - a scroll of enchant armour {unknown}
Potions
 d - 5 potions of might
 e - 2 potions of attraction {unknown}
 g - 5 potions of haste
 i - a potion of lignification {unknown}
 k - 6 potions of curing {unknown}
 p - a potion of invisibility {unknown}
 q - a potion of enlightenment {unknown}
 A - a potion of degeneration {unknown}
 C - a potion of magic {unknown}


   Skills:
 + Level 5.0 Fighting
 * Level 5.6 Axes
 + Level 2.8 Throwing
 + Level 4.5 Armour
 + Level 3.4 Dodging
 - Level 2.6 Shields


You had 7 spell levels left.
You didn't know any spells.
Your spell library contained the following spells:

 Spells                   Type           Power      Damage    Failure   Level
 Apportation              Tloc           0%         N/A       63%         1
 Freeze                   Ice            0%         1d3       63%         1
 Frozen Ramparts          Ice            0%         1d1       94%         3
 Hailstorm                Conj/Ice       0%         3d3       94%         3
 Alistair's Intoxication  Tmut/Pois      0%         N/A       100%        5
 Borgnjor's Vile Clutch   Necr/Erth      0%         N/A       100%        5
 Summon Forest            Summ/Tloc      0%         N/A       100%        5
 Eringya's Noxious Bog    Tmut/Pois      0%         N/A       100%        6
 Summon Hydra             Summ           0%         N/A       100%        7


Dungeon Overview and Level Annotations

Branches:
Dungeon (6/15)
 Temple: D:4-7

Altars:
Kikubaaqudgha

Shops:
D:2 (   D:5 [

Annotations:
D:3 3 runed translucent doors, eyesofgods1's ghost, amateur DjTm
D:6 Duvessa


Innate Abilities, Weirdness & Mutations

You have sharp fingernails.
You have an unnaturally thin skeletal structure. (Dex +6, Stealth+++)
You regenerate magic rapidly.


Message History

You hit Dowan. Dowan hits you but does no damage.
Duvessa splashes around in the water.
Unknown command.
You hit Duvessa.
Duvessa is severely wounded.
You hit Dowan.
You kill Dowan!
Duvessa screams, "No!
How DARE you!"
Duvessa goes berserk!
You hear a splash. x3
Duvessa hits you with a +0 rapier! Duvessa barely misses you.
Unknown command.
You barely miss Duvessa.
Duvessa is severely wounded.
Duvessa barely misses you.
Unknown command.
You barely miss Duvessa.
Duvessa is severely wounded.
Duvessa hits you but does no damage. Duvessa hits you with a +0 rapier.
You slash Duvessa!
Duvessa is almost dead.
You block Duvessa's attack. Duvessa closely misses you.
Unknown command.
You barely miss Duvessa.
Duvessa is almost dead.
Duvessa hits you with a +0 rapier.
Duvessa splashes around in the water.
You hit Duvessa.
Duvessa is almost dead.
Duvessa hits you with a +0 rapier!
* * * LOW HITPOINT WARNING * * *
Duvessa hits you with a +0 rapier!
* * * LOW HITPOINT WARNING * * *
You closely miss Duvessa.
Duvessa is almost dead.
Duvessa closely misses you. You block Duvessa's attack.
Unknown command.
You hit Duvessa but do no damage.
Duvessa is almost dead.
Duvessa hits you with a +0 rapier!
You die...

~.. ♣~♣♣...###.. .
♣♣.♣♣.♣♣#
♣♣~))♣♣♣♣♣#
.P♣♣♣P..~~P.~P##.#
.~~.~.~~..~.....#
.~♣♣♣P~~~♣PP~♣####
♣♣♣.♣♣♣♣♣♣ ♣~~~♣
♣e@♣♣♣# ♣♣)♣♣.#
#########♣~.♣♣.#
#.......##.....#
#........#.....#
#..............#
#..............#
##.............#
#.............#


You could see Duvessa (berserk).

Vanquished Creatures
  Sigmund (D:5)
  A black bear (D:5)
  2 ogres (D:5)
  3 scorpions
  3 wights (D:6)
  Dowan (D:6)
  3 hounds
  A sleepcap (D:5)
  2 iguanas
  An orc wizard (D:3)
  10 adders
  2 gnolls (D:5)
  3 worms
  A dart slug (D:5)
  7 orcs
  2 bats
  4 endoplasms
  A giant cockroach (D:1)
  9 goblins
  6 hobgoblins
  7 jackals
  4 kobolds
  5 quokkas
  2 ball pythons (D:1)
  A rat (D:1)
82 creatures vanquished.

Notes
Turn   | Place    | Note
-------+----------+-------------------------------------------
     0 | D:1      | mopl the Demonspawn Fighter began the quest for the Orb.
     0 | D:1      | Reached XP level 1. HP: 18/18 MP: 1/1
   129 | D:1      | Reached skill level 2 in Axes
   129 | D:1      | You fall into a shaft and drop 1 floor!
   156 | D:2      | Gained mutation: You have a somewhat thin skeletal
                  | structure. (Dex +2, Stealth+) [demonic ancestry]
   156 | D:2      | Reached XP level 2. HP: 23/24 MP: 2/2
   188 | D:2      | Found Rokuwium's Antique Weapon Boutique.
   267 | D:1      | Found a faded altar of an unknown god.
   682 | D:1      | Reached skill level 3 in Armour
   682 | D:1      | Gained mutation: You have a moderately thin skeletal
                  | structure. (Dex +4, Stealth++) [demonic ancestry]
   682 | D:1      | Reached XP level 3. HP: 29/29 MP: 3/3
  1105 | D:2      | Reached skill level 1 in Dodging
  1344 | D:3      | Noticed a scorpion
  1352 | D:3      | Killed a scorpion
  1353 | D:3      | Reached skill level 3 in Axes
  1353 | D:3      | Gained mutation: You have an unnaturally thin skeletal
                  | structure. (Dex +6, Stealth+++) [demonic ancestry]
  1353 | D:3      | Reached XP level 4. HP: 13/35 MP: 4/4
  1582 | D:3      | Gained mutation: You regenerate magic rapidly. [demonic
                  | ancestry]
  1582 | D:3      | Reached XP level 5. HP: 40/42 MP: 5/5
  1792 | D:3      | Found a runed translucent gate.
  1792 | D:3      | Found a runed translucent gate.
  1792 | D:3      | Found a runed translucent gate.
  1795 | D:3      | Noticed eyesofgods1's ghost (amateur DjTm)
  2251 | D:4      | Reached skill level 2 in Dodging
  2299 | D:4      | Reached skill level 4 in Fighting
  2299 | D:4      | Gained mutation: You have sharp fingernails. [demonic
                  | ancestry]
  2299 | D:4      | Reached XP level 6. HP: 38/48 MP: 6/6
  2408 | D:4      | Reached skill level 1 in Throwing
  3017 | D:5      | Entered Level 5 of the Dungeon
  3035 | D:5      | Reached skill level 4 in Axes
  3056 | D:5      | Found an ancient bone altar of Kikubaaqudgha.
  3156 | D:5      | Reached XP level 7. HP: 29/55 MP: 7/7
  3163 | D:5      | Reached skill level 4 in Armour
  3307 | D:5      | Reached skill level 2 in Throwing
  3617 | D:5      | Noticed Sigmund
  3634 | D:5      | Killed Sigmund
  3635 | D:5      | Reached skill level 5 in Axes
  3635 | D:5      | Reached skill level 3 in Dodging
  3932 | D:5      | Found Telichoi's Antique Armour Shoppe.
  4147 | D:6      | Reached XP level 8. HP: 48/61 MP: 8/8
  4378 | D:6      | Noticed Dowan
  4379 | D:6      | Noticed Duvessa
  4398 | D:6      | Reached skill level 5 in Fighting
  4407 | D:6      | Killed Dowan
  4414 | D:6      | Slain by Duvessa

Illustrated notes

Levels and vault maps discovered:
D:1:      minmay_arrival_up_and_down, layout_rooms, serial_co_window_serial,
          co_window_paths_a, co_window_corner_a, co_window_of_opportunity_a,
          co_window_of_opportunity_a, co_window_paths_a, co_window_2corner,
          co_window_corner_cb, co_window_2corner, co_window_paths_c,
          co_window_broadway_c, glass_columns_a, glass_columns_a,
          glass_columns_a, chequers_ecumenical_altar_simple
D:2:      wad_pebble_path, layout_rooms, serial_shops, shop
D:3:      layout_rooms, ebering_ghost_rock_garden
D:4:      layout_basic, tso_altar
D:5:      layout_loops_ring, kiku_gazebo_garden_becter, serial_shops, shop,
          chequers_mini_garden, sigmund_army, uniq_sigmund
D:6:      layout_cave_pods, minmay_temple_entry_overgrown, serial_bayou,
          serial_bayou_ford_a, serial_bayou_crossing, serial_bayou_lake_a,
          serial_bayou_lagoon_a, serial_bayou_pond_e, serial_shops, shop,
          chequers_serial_rivers_small_b, uniq_prince_ribbit1, uniq_duvessa

Skill      XL: |  1  2  3  4  5  6  7  8 |
---------------+-------------------------+-----
Axes           | 2 3 4 5 |  5.6
Armour         | 3 4 |  4.5
Dodging        | 1 2 3 |  3.4
Fighting       | 4 5 |  5.0
Throwing       | 1 2 |  2.8
Shields        | |  2.6

Action                     |  1- 3 |  4- 6 |  7- 9 || total
---------------------------+-------+-------+-------++-------
  Melee: War axe           |    89 |   154 |    89 ||   332
    Use: Potion            |       |       |     1 ||     1
   Stab: Sleeping          |     1 |    13 |     2 ||    16
         Distracted        |       |       |     1 ||     1
 Armour: Scale mail        |    36 |       |       ||    36
         Chain mail        |     4 |    34 |       ||    38
         Ring mail         |       |    49 |    35 ||    84
  Dodge: Dodged            |    33 |    69 |    39 ||   141
  Block: Buckler           |    27 |    36 |    22 ||    85

Table legend: (Time is in decaauts)
 A = Elapsed time spent in this place.
 B = Non-inter-level travel time spent in this place.
 C = Inter-level travel time spent in this place.
 D = Time resting spent in this place.
 E = Time spent auto-exploring this place.
 F = Levels seen in this place.
 G = Mean time per level.
                   A        B        C        D        E       F      G
               +--------+--------+--------+--------+--------+-----+--------+
         Total |   4525 |   4391 |    134 |    705 |   2768 |   6 |  754.2 |
       Dungeon |   4525 |   4391 |    134 |    705 |   2768 |   6 |  754.2 |
               +--------+--------+--------+--------+--------+-----+--------+

Top non-repeatable levels by time:
     D:4: 1153 daAuts
     D:5: 1064 daAuts
     D:1: 926 daAuts
     D:3: 562 daAuts
     D:2: 448 daAuts
     D:6: 369 daAuts
